 Dungeon Crawl Stone Soup version 0.23.2 (webtiles) character file.

Game seed: 16878140381554657138

3632 nuthulu the Basher (level 9, -7/93 HPs)
             Began as a Troll Berserker on Mar 31, 2019.
             Was an Elder of Trog.
             Mangled by a hornet (14 damage)
             ... while paralysed by a hornet
             ... on level 8 of the Dungeon.
             The game lasted 00:11:51 (6881 turns).

nuthulu the Basher (Troll Berserker)                Turns: 6881, Time: 00:11:51

Health: -7/93      AC:  8    Str: 30    XL:     9   Next: 87%
Magic:  8/8        EV:  1    Int:  5    God:    Trog [****..]
Gold:   373        SH:  0    Dex: 10    Spells: 8/8 levels left

rFire    + . .     SeeInvis .   q - +7 giant club (flame)
rCold    + . .     Gourm    +   (shield currently unavailable)
rNeg     . . .     Faith    .   y - +1 robe "Vaqygous" {rElec MR+ Str+3 Dex-2}
rPois    .         Spirit   .   (helmet restricted)
rElec    +         Reflect  .   (no cloak)
rCorr    .         Harm     .   (gloves unavailable)
MR       +....                  (boots unavailable)
Stlth    +.........             (no amulet)
HPRegen  0.65/turn              r - ring of protection from cold
MPRegen  0.11/turn              a - ring "Veteut" {rF+ AC+1 Int+2}

@: paralysed, lethally poisoned (-7 -> -25), slowed
A: large, unfitting armour, claws 3, fast metabolism 3, gourmand, mutation
resistance 1, regeneration 1, shaggy fur 1, tough skin 3, MP-powered wands
a: Berserk, Trog's Hand, Brothers in Arms, Renounce Religion


You were on level 8 of the Dungeon.
You worshipped Trog.
Trog was greatly pleased with you.
You were very full.

You visited 1 branch of the dungeon, and saw 8 of its levels.

You collected 373 gold pieces.

Inventory:

Hand Weapons
 q - a +7 giant club of flaming (weapon)
Armour
 y - the +1 robe "Vaqygous" (worn) {rElec MR+ Str+3 Dex-2}
   (You found it on level 6 of the Dungeon)

   It affects your strength (+3).
   It affects your dexterity (-2).
   It insulates you from electricity.
   It affects your resistance to hostile enchantments.
Jewellery
 a - the ring "Veteut" (right claw) {rF+ AC+1 Int+2}
   (You found it on level 4 of the Dungeon)

   [ring of protection]

   It affects your AC (+1).
   It affects your intelligence (+2).
   It protects you from fire.
 r - a ring of protection from cold (left claw)
Wands
 e - a wand of flame (11)
 p - a wand of iceblast (5)
 v - a wand of random effects (17)
Scrolls
 i - 2 scrolls of fear
 l - a scroll of teleportation
 u - 3 scrolls of remove curse
Potions
 d - a potion of invisibility {unknown}
 f - 2 potions of haste
 g - 5 potions of flight
 h - a potion of mutation
 j - 2 potions of lignification
 k - a potion of might
 m - 2 potions of berserk rage
 n - a potion of curing {unknown}
 o - a potion of cancellation {unknown}
 s - a potion of degeneration {unknown}
 t - a potion of resistance {unknown}
 x - 2 potions of heal wounds
Comestibles
 b - 4 chunks of flesh
 c - 17 rations


   Skills:
 - Level 7.1 Fighting
 + Level 11.0 Maces & Flails
 - Level 2.4 Dodging


You had 8 spell levels left.
You didn't know any spells.
Your spell library was empty.

Dungeon Overview and Level Annotations

Branches:
Dungeon (8/15)             Temple (0/1) D:5
   Lair: D:8-11

Altars:
Okawaru
Ru
Trog
Yredelemnul
The Shining One


Innate Abilities, Weirdness & Mutations

You are too large for most types of armour.
You have claws for hands.
Your metabolism is lightning-fast.
You like to eat raw meat.
Your natural rate of healing is unusually fast.
You are covered in fur. (AC +1)
You have extremely tough skin. (AC +3)
You are somewhat resistant to further mutation.
You expend magic power (3 MP) to strengthen your wands.


Message History

The hornet barely misses you.
You closely miss the hornet.
The hornet is lightly wounded.
You feel sick.
The hornet stings you but does no damage.
The hornet barely misses you.
A howler monkey comes into view.
The hornet stings you!
* * * LOW HITPOINT WARNING * * *
You suddenly lose the ability to move!
You feel sick. The hornet stings you.
* * * LOW HITPOINT WARNING * * *
You are more poisoned.
You feel as though you will be slow longer.
You feel sick. The hornet stings you.
* * * LOW HITPOINT WARNING * * *
You are more poisoned.
You feel as though you will be slow longer.
The hornet stings you!
You die...

..... ..#
...... ..
...... ..
......###.
##
.........
.. #.....#
.# #<#
..###
#.#......
#@....#
#y..###
#...#
#...#
#...#
#..h#
#...#
.....


You could see a hornet and a howler monkey.

Vanquished Creatures
  Prince Ribbit (D:7)
  Grinder (D:4)
  Menkaure (D:5)
  Edmund (D:3)
  Duvessa (D:4)
  2 sky beasts (D:6)
  An orc warrior (D:7)
  The ghost of DungeonDestroyer the Chopper, an amateur DrBe of Trog (D:3)
  3 ogres
  3 phantoms
  A necrophage (D:7)
  2 centaurs
  Blork the orc (D:5)
  A big kobold (D:7)
  3 bullfrogs
  Dowan (D:4)
  A scorpion (D:7)
  3 killer bees (D:7)
  2 howler monkeys
  A bullfrog zombie (D:6)
  3 crimson imps
  2 hounds
  A quasit (D:6)
  4 centaur skeletons
  3 jellies
  4 orc priests
  A bullfrog skeleton (D:6)
  3 orc wizards
  An iguana (D:6)
  8 worker ants
  A hound skeleton (D:6)
  A howler monkey zombie (D:7)
  11 adders
  An ooze (D:7)
  An adder skeleton (D:4)
  An adder zombie (D:7)
  2 worms
  3 dart slugs (D:1)
  5 leopard geckos
  17 orcs
  9 bats
  7 giant cockroaches
  10 goblins
  7 hobgoblins
  14 jackals
  13 kobolds
  2 quokkas
  6 frilled lizards
  2 jackal skeletons (D:5)
  A jackal zombie (D:5)
  A leopard gecko skeleton (D:4)
  10 rats
186 creatures vanquished.

Notes
Turn   | Place    | Note
-------+----------+-------------------------------------------
     0 | D:1      | nuthulu the Troll Berserker began the quest for the Orb.
     0 | D:1      | Reached XP level 1. HP: 22/22 MP: 0/0
   112 | D:1      | Reached skill level 3 in Maces & Flails
   118 | D:1      | Reached XP level 2. HP: 29/29 MP: 1/1
   828 | D:2      | Reached XP level 3. HP: 37/37 MP: 2/2
   860 | D:2      | Reached ** piety under Trog
   931 | D:2      | Gained mutation: You expend magic power (3 MP) to
                  | strengthen your wands. [potion of mutation]
   931 | D:2      | Gained mutation: You are somewhat resistant to further
                  | mutation. [potion of mutation]
  1581 | D:2      | Reached XP level 4. HP: 37/45 MP: 3/3
  1964 | D:3      | Reached skill level 4 in Maces & Flails
  1968 | D:3      | Reached XP level 5. HP: 35/54 MP: 4/4
  2017 | D:3      | Found a glowing golden altar of the Shining One.
  2048 | D:3      | Reached *** piety under Trog
  2585 | D:3      | Found a runed translucent door.
  2593 | D:3      | Noticed DungeonDestroyer's ghost (amateur DrBe)
  2611 | D:3      | Killed DungeonDestroyer's ghost
  2691 | D:4      | Reached XP level 6. HP: 59/62 MP: 5/5
  2767 | D:4      | Noticed Edmund
  2780 | D:3      | Reached skill level 5 in Maces & Flails
  2855 | D:3      | Killed Edmund
  2973 | D:4      | Noticed Dowan
  2974 | D:4      | Noticed Duvessa
  2998 | D:4      | Killed Duvessa
  2998 | D:4      | Reached skill level 5 in Fighting
  2998 | D:4      | Reached XP level 7. HP: 60/72 MP: 6/6
  3006 | D:4      | Killed Dowan
  3129 | D:4      | Reached skill level 6 in Maces & Flails
  3292 | D:4      | Got a flickering steel ring
  3293 | D:4      | Identified the ring "Veteut" {rF+ AC+1 Int+2} (You found it
                  | on level 4 of the Dungeon)
  3525 | D:4      | Noticed Grinder
  3541 | D:4      | Killed Grinder
  3541 | D:4      | Reached XP level 8. HP: 83/83 MP: 7/7
  3665 | D:5      | Entered Level 5 of the Dungeon
  3737 | D:5      | Reached skill level 7 in Maces & Flails
  3801 | D:5      | Found a sacrificial altar of Ru.
  3802 | D:5      | Found a bloodstained altar of Trog.
  3892 | D:5      | Found a staircase to the Ecumenical Temple.
  3934 | D:5      | Noticed Menkaure
  3939 | D:5      | Killed Menkaure
  4105 | D:5      | Noticed Blork the orc
  4112 | D:5      | Killed Blork the orc
  4202 | D:5      | Reached **** piety under Trog
  4392 | D:5      | Found an iron altar of Okawaru.
  4441 | D:5      | Reached skill level 8 in Maces & Flails
  4624 | D:6      | Reached XP level 9. HP: 73/93 MP: 8/8
  4748 | D:6      | Got a slimy robe
  4898 | D:6      | Identified the +1 robe "Vaqygous" {rElec MR+ Str+3 Dex-2}
                  | (You found it on level 6 of the Dungeon)
  4944 | D:6      | Reached skill level 9 in Maces & Flails
  5457 | D:7      | Noticed Prince Ribbit
  5460 | D:7      | Killed Prince Ribbit
  5740 | D:6      | Reached skill level 10 in Maces & Flails
  5986 | D:6      | Found a basalt altar of Yredelemnul.
  6656 | D:7      | Reached skill level 11 in Maces & Flails
  6874 | D:8      | Paralysed by a hornet for 1 turns
  6877 | D:8      | Paralysed by a hornet for 1 turns
  6879 | D:8      | Paralysed by a hornet for 3 turns
  6881 | D:8      | Mangled by a hornet

Skill      XL: |  1  2  3  4  5  6  7  8  9 |
---------------+----------------------------+-----
Maces & Flails | 3 4 5 6 8 11 | 11.0
Fighting       | 3 4 5 6 7 |  7.1
Dodging        | |  2.4

Action                   |  1- 3 |  4- 6 |  7- 9 || total
-------------------------+-------+-------+-------++-------
Melee: Mace              |   135 |   191 |       ||   326
       Dire flail        |       |    11 |    13 ||    24
       Giant club        |       |       |   272 ||   272
Invok: Trog's Hand       |       |     3 |     2 ||     5
       Berserk           |       |     2 |     2 ||     4
  Use: Scroll            |     8 |     3 |    11 ||    22
       Potion            |     1 |       |       ||     1
 Stab: Sleeping          |       |       |     1 ||     1
  Eat: Chunk             |    20 |    17 |    39 ||    76
Armor: Animal skin       |    68 |   141 |    66 ||   275
       Robe              |       |       |    75 ||    75
Dodge: Dodged            |   102 |   165 |   172 ||   439
